 Dungeon Crawl Stone Soup version 0.20.0-7-g3b7b877 (webtiles) character file.

90 Kosschaser the Skirmisher (level 4, 0/40 HPs)
             Began as a Draconian Abyssal Knight on May 29, 2017.
             Was a Follower of Lugonu.
             Slain by a river rat (6 damage)
             ... in a sewer.
             The game lasted 00:03:36 (2352 turns).

Kosschaser the Skirmisher (DrAK)                    Turns: 2352, Time: 00:03:37

Health: 0/40       AC:  6    Str: 14      XL:     4   Next: 32%
Magic:  5/5        EV: 13    Int: 16      God:    Lugonu [*.....]
Gold:   94         SH:  0    Dex: 11 (12) Spells: 3/3 levels left

rFire    . . .     SeeInvis .   a - +1 falchion
rCold    . . .     Gourm    +   (no shield)
rNeg     . . .     Faith    .   (armour unavailable)
rPois    .         Spirit   .   (helmet restricted)
rElec    .         Reflect  .   (no cloak)
rCorr    .         Harm     .   m - +0 pair of gloves (curse)
MR       .....                  (no boots)
Stlth    +.........             k - amulet of the gourmand
Regen    0.2/turn               h - +4 ring of intelligence
MPRegen  0.1/turn               l - ring of flight

@: no status effects
A: unfitting armour, cold-blooded, AC +5
a: Depart the Abyss, Renounce Religion, Evoke Flight


You were in a sewer.
You worshipped Lugonu.
Lugonu was aware of your devotion.
You were not hungry.

You visited 1 branch of the dungeon, and saw 3 of its levels.
You visited the Abyss 1 time.
You also visited: Sewer.

You collected 94 gold pieces.

Inventory:

Hand Weapons
 a - a +1 falchion (weapon)
Armour
 m - a cursed +0 pair of gloves (worn)
Jewellery
 h - a +4 ring of intelligence (left hand)
 k - an amulet of the gourmand (around neck)
 l - a ring of flight (right hand)
Scrolls
 d - a scroll of remove curse {unknown}
 n - a scroll of fog {unknown}
Potions
 c - a potion of heal wounds {unknown}
 e - a potion of mutation {unknown}
 g - a potion of degeneration {unknown}
 i - 2 potions of curing {unknown}
 j - a potion of might {unknown}
Comestibles
 b - 3 bread rations
 f - a meat ration


   Skills:
 + Level 4.0 Fighting
 + Level 3.1 Long Blades
 + Level 3.0 Dodging
 + Level 0.6 Stealth
 + Level 2.1 Invocations


You had 3 spell levels left.
You didn't know any spells.

Dungeon Overview and Level Annotations

Branches:
Dungeon (3/15)

Altars:


Innate Abilities, Weirdness & Mutations

Your plain brown scales are hard. (AC +5)
You cannot fit into any form of body armour.
You are cold-blooded and may be slowed by cold attacks.


Message History

The river rat bites you!
* * * LOW HITPOINT WARNING * * *
The rat splashes around in the water.
The river rat completely misses you. The rat misses you.
You riposte.
You hit the rat.
You kill the rat!
Lugonu accepts your kill.
You barely miss the river rat.
The river rat bites you but does no damage.
You hit the river rat.
The river rat is lightly wounded.
The river rat misses you.
You riposte.
You hit the river rat but do no damage.
The river rat is lightly wounded.
You completely miss the river rat. You tail-slap the river rat.
The river rat is heavily wounded.
The river rat bites you.
* * * LOW HITPOINT WARNING * * *
You hit the river rat.
Your tail-slap misses the river rat.
The river rat is severely wounded.
The rat splashes around in the water.
The river rat bites you.
You die...

#≈≈≈≈≈≈#
#≈≈≈≈≈≈#
#≈≈≈≈≈≈#
#≈≈≈≈≈≈#
#≈≈≈≈≈≈#
#≈≈≈#≈≈#
#≈.≈≈≈≈#
#≈≈≈≈≈≈#
#≈≈#r@≈#
#≈≈≈≈r≈#
#≈≈≈≈≈≈#
#≈≈≈≈≈≈#
#≈≈≈≈≈≈#
#≈r≈≈≈≈#
#..≈≈..#
#......#
##......


You could see a river rat and 2 rats.

Vanquished Creatures
  2 adders
  2 river rats
  2 worms (D:2)
  2 dart slugs (D:1)
  6 leopard geckos
  3 giant cockroaches
  4 goblins
  A hobgoblin (D:2)
  2 jackals (D:2)
  6 kobolds
  A ball python (D:2)
  2 bats
  A frilled lizard (D:2)
  6 rats
40 creatures vanquished.

Notes
Turn   | Place    | Note
-------+----------+-------------------------------------------
     0 | Abyss:1  | Kosschaser the Draconian Abyssal Knight began the quest for the Orb.
     0 | Abyss:1  | Reached XP level 1. HP: 19/19 MP: 2/2
    65 | Abyss:1  | Noticed a quasit
    77 | D:1      | Escaped the Abyss
   549 | D:1      | Reached * piety under Lugonu
   549 | D:1      | Reached XP level 2. HP: 19/26 MP: 3/3
  1697 | D:2      | Reached XP level 3. HP: 29/33 MP: 4/4
  2291 | D:3      | Reached XP level 4. HP: 40/40 MP: 5/5
  2304 | D:3      | Reached skill level 4 in Fighting
  2309 | D:3      | Found a glowing drain.
  2318 | Sewer    | Entered a sewer
  2352 | Sewer    | Slain by a river rat

Skill      XL: |  1  2  3  4 |
---------------+-------------+-----
Fighting       | 4 |  4.0
Long Blades    | 3 |  3.1
Dodging        | 3 |  3.0
Stealth        | |  0.6
Invocations    | |  2.1

Action                   |  1- 3 |  4- 6 || total
-------------------------+-------+-------++-------
Melee: Falchion          |   115 |    27 ||   142
       Tailslap          |    13 |     2 ||    15
Invok: Depart the Abyss  |     1 |       ||     1
  Eat: Chunk             |     5 |     1 ||     6
Armor: Skin              |    65 |    13 ||    78
Dodge: Dodged            |   112 |    31 ||   143
       Rpst.: Falchion   |    35 |    10 ||    45
